 Dungeon Crawl Stone Soup version 0.24.0-123-gd5b16e6ec5 (webtiles) character file.

Game seed: 4873372820455602152, levelgen mode: deterministic

824 Evilbrain007 the Skirmisher (level 7, 0/62 HPs)
             Began as a Minotaur Berserker on Jan 16, 2020.
             Was a Priest of Trog.
             Slain by an ogre
             ... wielding a +0 giant club
              (19 damage)
             ... on level 5 of the Dungeon.
             The game lasted 00:22:24 (4201 turns).

Evilbrain007 the Skirmisher (Minotaur Berserker)    Turns: 4201, Time: 00:22:24

Health: 0/62       AC:  8    Str: 24    XL:     7   Next: 64%
Magic:  6/6        EV: 11    Int:  4    God:    Trog [***...]
Gold:   269        SH:  0    Dex:  9    Spells: 6/6 levels left

rFire    . . .     SeeInvis .   t - +3 mace
rCold    . . .     Gourm    .   (no shield)
rNeg     + . .     Faith    +   p - +0 scale mail
rPois    .         Spirit   .   (helmet restricted)
rElec    .         Reflect  .   o - +0 cloak
rCorr    .         Harm     .   (no gloves)
MR       .....                  (no boots)
Stlth    +.........             w - amulet of faith
HPRegen  0.20/turn              g - ring of positive energy
MPRegen  0.10/turn              s - ring of stealth

@: no status effects
A: retaliatory headbutt, horns 2
a: Berserk, Trog's Hand, Renounce Religion


You were on level 5 of the Dungeon.
You worshipped Trog.
Trog was most pleased with you.
You were not hungry.

You visited 1 branch of the dungeon, and saw 5 of its levels.

You collected 269 gold pieces.

Inventory:

Hand Weapons
 t - a +3 mace (weapon)
Armour
 o - a +0 cloak (worn)
 p - a +0 scale mail (worn)
Jewellery
 g - a ring of positive energy (left hand)
 n - an uncursed ring of positive energy
 s - a ring of stealth (right hand)
 w - an amulet of faith (around neck)
Wands
 h - a wand of disintegration (20)
Scrolls
 d - 3 scrolls of identify
 e - a scroll of enchant armour {unknown}
 f - a scroll of enchant weapon {unknown}
 i - 3 scrolls of magic mapping {unknown}
 j - 3 scrolls of teleportation {unknown}
 l - a scroll of immolation {unknown}
 q - 3 scrolls of remove curse {unknown}
Potions
 a - 2 potions of lignification {unknown}
 b - 3 potions of brilliance {unknown}
 k - a potion of magic {unknown}
 m - a potion of ambrosia {unknown}
 r - 2 potions of agility {unknown}
 u - a potion of mutation {unknown}
 v - a potion of might {unknown}
Comestibles
 c - 11 rations


   Skills:
 + Level 5.9 Fighting
   Level 5.4(6.6) Axes
 + Level 5.7(6.8) Maces & Flails
 + Level 4.2 Armour
 + Level 4.3 Dodging
 + Level 0.7 Stealth


You had 6 spell levels left.
You didn't know any spells.
Your spell library was empty.

Dungeon Overview and Level Annotations

Branches:
Dungeon (5/15)
 Temple: D:4-7

Altars:
Ashenzari
Dithmenos
Hepliaklqana
Okawaru
Qazlal
Sif Muna
Trog
Uskayaw
Yredelemnul
Zin
The Shining One


Innate Abilities, Weirdness & Mutations

You reflexively headbutt those who attack you in melee.
You have a pair of horns on your head.


Message History

The crimson imp blinks!
The crimson imp moves out of view.
There is a large open door here.
An ogre comes into view. It is wielding a +0 giant club.
The ogre shouts!
Found 21 arrows.
Found 14 gold pieces.
The ogre hits you with a +0 giant club!!
Found 16 arrows.
You sock the ogre!
You headbutt the ogre, but do no damage.
The ogre is moderately wounded.
The ogre hits you with a +0 giant club!
You are too injured to fight recklessly!
You are too injured to fight recklessly!
You are too injured to fight recklessly!
You sock the ogre!
The ogre is heavily wounded.
The crimson imp blinks!
The ogre hits you with a +0 giant club!!
You die...

#.# #..# #.#
##.# #.### #.##
#...# #..#
##''# ####
♣♣♣♣♣♣♣5.♣♣♣♣♣♣
♣...(..........
♣.♣♣♣♣....♣♣♣♣.
♣.@..♣ ♣§O.(♣
♣....♣ .......
.........
....$.....(.
.............
.♣♣♣♣....♣♣♣♣.


You could see an ogre and a crimson imp.

Vanquished Creatures
  An ice beast (D:5)
  A sky beast (D:5)
  An ogre (D:4)
  A centaur (D:5)
  A phantom (D:4)
  A howler monkey (D:5)
  An orc wizard (D:3)
  3 orc priests
  Ijyb (D:3)
  A worker ant (D:4)
  Terence (D:3)
  A hound skeleton (D:4)
  A gnoll (D:2)
  2 adders
  An ooze (D:2)
  2 adder skeletons
  5 dart slugs
  2 leopard geckos
  12 orcs
  9 giant cockroaches
  7 goblins
  11 hobgoblins
  6 jackals
  7 kobolds
  2 quokkas (D:4)
  10 bats
  3 frilled lizards
  A leopard gecko skeleton (D:4)
  A quokka skeleton (D:4)
  8 rats
  A spectral orc (D:4)
105 creatures vanquished.

Notes
Turn   | Place    | Note
-------+----------+-------------------------------------------
     0 | D:1      | Evilbrain007 the Minotaur Berserker began the quest for the
                  | Orb.
     0 | D:1      | Reached XP level 1. HP: 19/19 MP: 0/0
   279 | D:1      | Reached XP level 2. HP: 20/27 MP: 1/1
   683 | D:1      | Reached XP level 3. HP: 30/33 MP: 2/2
   782 | D:1      | Reached ** piety under Trog
  1237 | D:2      | Found a shattered altar of Ashenzari.
  1350 | D:2      | Found a stormy altar of Qazlal.
  1539 | D:2      | Reached XP level 4. HP: 21/41 MP: 3/3
  1692 | D:2      | Found an iron altar of Okawaru.
  1794 | D:2      | Noticed an air elemental
  1851 | D:2      | Noticed an earth elemental
  1851 | D:2      | Noticed a water elemental
  1851 | D:2      | Noticed a fire elemental
  2077 | D:3      | Noticed Ijyb
  2083 | D:3      | HP: 1/41 [disintegration (9)]
  2087 | D:3      | Killed Ijyb
  2087 | D:3      | Reached skill level 5 in Axes
  2549 | D:3      | Noticed a +0 hand axe
  2550 | D:3      | Noticed a +0 hand axe
  2552 | D:3      | Found a hide-covered altar of Uskayaw.
  2581 | D:3      | Reached XP level 5. HP: 23/47 MP: 4/4
  2889 | D:3      | Reached skill level 5 in Fighting
  3075 | D:3      | Found a shimmering blue altar of Sif Muna.
  3123 | D:3      | Reached *** piety under Trog
  3184 | D:3      | Noticed Terence
  3189 | D:3      | Killed Terence
  3189 | D:3      | Reached skill level 1 in Maces & Flails
  3220 | D:3      | Found a glowing golden altar of the Shining One.
  3657 | D:4      | Found a basalt altar of Yredelemnul.
  3703 | D:4      | Found a hazy altar of Hepliaklqana.
  3712 | D:4      | Noticed a phantom
  3742 | D:4      | Killed a phantom
  3742 | D:4      | Reached XP level 6. HP: 45/56 MP: 5/5
  3849 | D:4      | Found a bloodstained altar of Trog.
  3947 | D:4      | Found a glowing silver altar of Zin.
  3978 | D:5      | Entered Level 5 of the Dungeon
  3994 | D:5      | Reached XP level 7. HP: 47/61 MP: 6/6
  4118 | D:5      | Reached skill level 5 in Maces & Flails
  4121 | D:5      | Found a shadowy altar of Dithmenos.
  4201 | D:5      | Slain by an ogre

Levels and vault maps discovered:
D:1:      minmay_arrival_loop, layout_basic, st_stairs_13, skrybe_limestone_x
D:2:      minmay_spotlight, layout_basic, nicolae_qazlal_style_of_elements,
          okawaru_altar_gauntlet_db, lemuel_doored_altar
D:3:      layout_loops_corners, nicolae_overflow_hidden_temple,
          dancing_weapons_uskayaw, minmay_misc_feat_plants,
          lemuel_blue_sif_altar, uniq_terence, uniq_ijyb
D:4:      layout_basic, lemuel_crystal_altar, kennysheep_little_box,
          lemuel_crystal_altar, yredelemnul_forgotten_temple_becter,
          first_ration
D:5:      minmay_chambers_of_threes, layout_basic, nicolae_ru_awakened_eye,
          nicolae_dithmenos_the_darkroom, minmay_temple_entry_trees,
          kennysheep_dice, uniq_crazy_yiuf_cottage

Skill      XL: |  1  2  3  4  5  6  7 |
---------------+----------------------+-----
Axes           | 4 5 |  5.4
Fighting       | 4 5 |  5.9
Dodging        | 3 4 |  4.3
Armour         | 3 4 |  4.2
Maces & Flails | 2 4 5 |  5.7
Stealth        | |  0.7

Action                   |  1- 3 |  4- 6 |  7- 9 || total
-------------------------+-------+-------+-------++-------
Melee: Hand axe          |    99 |    37 |       ||   136
       Headbutt          |    12 |    25 |     8 ||    45
       Mace              |       |    79 |    37 ||   116
  Use: Scroll            |       |     1 |       ||     1
       Potion            |       |     1 |       ||     1
  Eat: Chunk             |     2 |     5 |       ||     7
       Ration            |       |     1 |       ||     1
Armor: Animal skin       |    16 |     2 |       ||    18
       Leather armour    |       |     3 |       ||     3
       Scale mail        |       |    31 |    17 ||    48
Dodge: Dodged            |    72 |    69 |    13 ||   154
